 Dungeon Crawl Stone Soup version 0.22-a0-422-g9628fc87f1 (webtiles) character file.

77 Ikesh the Sneak (level 4, 0/24 HPs)
             Began as a Kobold Enchanter on May 19, 2018.
             Succumbed to an adder's poison
             ... on level 2 of the Dungeon.
             The game lasted 00:10:39 (1994 turns).

Ikesh the Sneak (Kobold Enchanter)                  Turns: 1994, Time: 00:10:39

Health: 0/24       AC:  2    Str:  4 (5)  XL:     4   Next: 60%
Magic:  3/8        EV: 21    Int: 14 (16) God:
Gold:   28         SH:  0    Dex: 20 (21) Spells: 1/8 levels left

rFire    . . .     SeeInvis .   a - +1 dagger
rCold    . . .     Gourm    .   (shield restricted)
rNeg     . . .     Faith    .   b - +0 robe
rPois    .         Spirit   .   (no helmet)
rElec    .         Reflect  .   (no cloak)
rCorr    .         Harm     .   (no gloves)
MR       .....                  (no boots)
Stlth    ++++......             (no amulet)
HPRegen  0.08/turn              (no ring)
MPRegen  0.11/turn              (no ring)

@: agile, lethally poisoned (0 -> -3), hasted, very quick
A: small, carnivore
a: no special abilities


You were on level 2 of the Dungeon.
You were completely stuffed.

You visited 1 branch of the dungeon, and saw 2 of its levels.

You collected 28 gold pieces.

Inventory:

Hand Weapons
 a - a +1 dagger (weapon)
Armour
 b - a +0 robe (worn)
Scrolls
 c - a scroll of immolation
Comestibles
 d - 4 rations
 i - 11 chunks of flesh


   Skills:
 + Level 2.3 Short Blades
 + Level 2.6 Dodging
 + Level 5.1 Stealth
 + Level 2.6 Spellcasting
 + Level 3.8 Hexes


You had one spell level left.
You knew the following spells:

 Your Spells              Type           Power        Failure   Level  Hunger
a - Corona                Hex            ##.....      4%          1    #......
b - Confuse               Hex            ##......     14%         3    ###....
c - Tukima's Dance        Hex            ##......     14%         3    ###....

Your spell library contained the following spells:

 Spells                   Type           Power        Failure   Level  Hunger
 Ensorcelled Hibernation  Hex/Ice        #.....       16%         2    ###....
 Dazzling Spray           Conj/Hex       #.....       30%         3    ###....


Dungeon Overview and Level Annotations

Branches:
Dungeon (2/15)

Altars:


Innate Abilities, Weirdness & Mutations

You are small and have problems with some larger weapons.
You are carnivorous and can eat meat at any time.


Message History

You feel sick.
There is an escape hatch in the floor, spattered with blood here.
You see here an adder corpse.
You butcher the adder corpse.
There is an escape hatch in the floor, spattered with blood here.
You see here a chunk of flesh.
i - 11 chunks of flesh (gained 1)
Your surroundings suddenly seem different.
* * * LOW HITPOINT WARNING * * *
You feel sick.
* * * LOW HITPOINT WARNING * * *
You feel sick.
Found 12 poisoned needles.
* * * LOW HITPOINT WARNING * * *
You feel sick.
* * * LOW HITPOINT WARNING * * *
You feel sick.
You aren't carrying any potions.
Okay, then.
You die...

.................#...##
.............#...#....#
.............# #.#...(#
###'###...####.#......###
#..##...# #.#..........
####'##...## #....###.####
......#....#####........
......#.......##.###.###.#
......#....##.##@# .. #
#####...[..##....# #
.#####.....####..#
.'.................
.#####.....#.###### ##
#.###.#.# #.# #.# # #.# .#
#.# .#


There were no monsters in sight!

Vanquished Creatures
  2 adders (D:2)
  2 oozes (D:1)
  A worm (D:2)
  A dart slug (D:2)
  3 leopard geckos
  A ball python (D:1)
  A bat (D:1)
  4 giant cockroaches
  4 goblins
  10 hobgoblins
  2 quokkas (D:2)
  3 frilled lizards (D:2)
  3 kobolds
  3 rats
40 creatures vanquished.

Notes
Turn   | Place    | Note
-------+----------+-------------------------------------------
     0 | D:1      | Ikesh the Kobold Enchanter began the quest for the Orb.
     0 | D:1      | Reached XP level 1. HP: 10/10 MP: 3/3
   145 | D:1      | Reached XP level 2. HP: 15/15 MP: 3/5
   500 | D:1      | Reached XP level 3. HP: 19/19 MP: 6/6
   514 | D:1      | Learned a level 3 spell: Confuse
  1432 | D:2      | Reached skill level 5 in Stealth
  1757 | D:2      | Reached XP level 4. HP: 24/24 MP: 2/7
  1808 | D:2      | Learned a level 3 spell: Tukima's Dance
  1984 | D:2      | HP: 1/24 [poisoned by an adder]
  1994 | D:2      | Succumbed to an adder's poison

Vault maps used:
D:1:      dpeg_arrival_renting
D:2:      roderic_roman_lattice, feat_on_display

Skill      XL: |  1  2  3  4 |
---------------+-------------+-----
Stealth        | 5 |  5.1
Short Blades   | 2 |  2.3
Dodging        | |  2.6
Spellcasting   | |  2.6
Hexes          | |  3.8

Action                   |  1- 3 |  4- 6 || total
-------------------------+-------+-------++-------
Melee: Dagger            |    89 |    23 ||   112
 Cast: Corona            |    18 |     2 ||    20
       Confuse           |    10 |     5 ||    15
  Use: Scroll            |       |     4 ||     4
       Potion            |       |     3 ||     3
 Stab: Sleeping          |     9 |     3 ||    12
       Confused          |     5 |     1 ||     6
       Distracted        |     1 |       ||     1
  Eat: Chunk             |    12 |     2 ||    14
Armor: Robe              |     7 |     1 ||     8
Dodge: Dodged            |    49 |    13 ||    62

Table legend:
 A = Spawn XP
 B = Non-spawn XP
 C = Spawn XP percentage of total XP
 D = Spawn monster count
 E = Non-spawn monster count
 F = Spawn count percentage of total count
 G = Total turns spent on level
                    A         B        C        D         E        F      G
               +---------+---------+-------+---------+---------+-------+---------
         Total |       0 |     111 |   0.0 |       0 |      40 |   0.0 |  1994
               +---------+---------+-------+---------+---------+-------+---------
           D:1 |       0 |      39 |   0.0 |       0 |      15 |   0.0 |   987
           D:2 |       0 |      72 |   0.0 |       0 |      25 |   0.0 |  1007
               +---------+---------+-------+---------+---------+-------+---------
